 Dungeon Sprint DCSS version 0.19.5 (webtiles) character file.

1000000 Denreik the Hoplite (level 15, -41/150 HPs)
             Began as a Formicid Fighter on Apr 25, 2017.
             Annihilated by a meat berserker
             ... wielding a +9 battleaxe
              (57 damage)
             ... in the Dungeon (Sprint VIII: "Arena of Blood").
             The game lasted 00:01:04 (10 turns).

Denreik the Hoplite (Formicid Fighter)                Turns: 10, Time: 00:01:06

Health: -41/150    AC: 12    Str: 27    XL:     15   Next: 63%
Magic:  15/15      EV: 10    Int:  8    God:
Gold:   0          SH: 18    Dex: 10    Spells: 0 memorised, 14 levels left

rFire  . . .     SeeInvis +     l - +∞ Axe of Woe
rCold  . . .     Gourm    .     b - +0 scale mail
rNeg   . . .     Faith    .     c - +0 shield
rPois  .         Spirit   .     (helmet unavailable)
rElec  .         Reflect  .     (no cloak)
rCorr  .         Harm     .     (no gloves)
MR     +....                    (no boots)
Stlth  ..........               (no amulet)
                                (no ring)
                                (no ring)

@: no status effects
A: permanent stasis, dig shafts and tunnels, four strong arms, antennae 3
a: Dig


You were in the Dungeon.
You were not hungry.

You visited 1 branch

Inventory:

Hand Weapons
 a - a +0 quarterstaff
 l - the +∞ Axe of Woe (weapon)
   (You found it in the Dungeon)
Armour
 b - a +0 scale mail (worn)
 c - a +0 shield (worn)
Jewellery
 m - a +30 ring of slaying
Scrolls
 k - a scroll of blinking
Potions
 d - a potion of might
 e - a potion of curing
 g - a potion of heal wounds
 h - a potion of haste
 i - 2 potions of magic
 j - a potion of berserk rage
Comestibles
 f - a bread ration


   Skills:
 + Level 23.4 Fighting
 + Level 8.0 Axes
 + Level 12.6 Staves
 + Level 23.4 Armour
 + Level 25.0 Shields


You had 14 spell levels left.
You didn't know any spells.

Dungeon Overview and Level Annotations

Branches:
Dungeon (1/1)

Altars:
Makhleb


Innate Abilities, Weirdness & Mutations

You are under a permanent stasis effect.
You can dig through walls and to a lower floor.
Your four strong arms can wield two-handed weapons with a shield.
You have a pair of large antennae on your head. (SInv)


Message History

Your Axes skill gained 3 levels and is now at level 7!
Your Staves skill gained 2 levels and is now at level 12!
Your Armour skill gained 3 levels and is now at level 22!
Your Shields skill gained 3 levels and is now at level 23!
You have reached level 14!
You have reached level 15!
Your experience leads to an increase in your attributes!
Increase (S)trength, (I)ntelligence, or (D)exterity?
You feel stronger.
You slash the bag of meat!
You butcher the bag of meat messily.
You kill the bag of meat!
Your Fighting skill increases to level 23!
Your Axes skill increases to level 8!
Your Armour skill increases to level 23!
Your Shields skill gained 2 levels and is now at level 25!
You hear a shout! x4
The meat berserker rages.
You hear a shout! x4
The meat berserker hits you with a +9 battleaxe!!!
You die...

.###.. ...###.....
......###..........
......_...........
#.....#.......#
#_.<._#........
.#.....#.Oo...#.
......_..oO.......
......###O..O.....#
.###.....@o###.....
{{#.....o.# ....
#.......# ...
.......... ..
.......oooo { .
.o..........
o....C.o..##o{
#.....o..#. ..


You could see a large bag of meat (inner flame), 4 meat berserkers and 13 bags
of meat.

Vanquished Creatures
  2 ogres (D)
  An orc (D)
3 creatures vanquished.

Notes
Turn   | Place    | Note
-------+----------+-------------------------------------------
     0 | D        | Denreik the Formicid Fighter began the quest for the Orb.
     0 | D        | Reached XP level 1. HP: 18/18 MP: 1/1
     3 | D        | Noticed a meat berserker
     4 | D        | Noticed a bag of meat
     5 | D        | Noticed a meat berserker
     5 | D        | Noticed a bag of meat
     5 | D        | Killed a meat berserker
     5 | D        | Reached skill level 10 in Staves
     5 | D        | Reached skill level 20 in Shields
     5 | D        | Reached XP level 2. HP: 50/50 MP: 2/2
     5 | D        | Reached XP level 3. HP: 57/57 MP: 3/3
     5 | D        | Reached XP level 4. HP: 64/64 MP: 4/4
     5 | D        | Reached XP level 5. HP: 71/71 MP: 5/5
     5 | D        | Reached XP level 6. HP: 78/78 MP: 6/6
     5 | D        | Reached XP level 7. HP: 84/84 MP: 7/7
     5 | D        | Reached XP level 8. HP: 92/92 MP: 8/8
     5 | D        | Reached XP level 9. HP: 98/98 MP: 9/9
     5 | D        | Reached XP level 10. HP: 106/106 MP: 10/10
     5 | D        | Reached XP level 11. HP: 112/112 MP: 11/11
     5 | D        | Reached XP level 12. HP: 119/119 MP: 12/12
     5 | D        | Reached XP level 13. HP: 126/126 MP: 13/13
     6 | D        | Noticed a bag of meat
     6 | D        | Noticed a meat berserker
     6 | D        | Noticed a bag of meat
     6 | D        | Noticed a meat berserker
     7 | D        | Noticed a meat berserker
     7 | D        | Noticed a bag of meat
     7 | D        | Noticed a meat berserker
     9 | D        | Noticed a bag of meat
     9 | D        | Noticed a bag of meat
     9 | D        | Noticed a bag of meat
     9 | D        | Noticed a bag of meat
     9 | D        | Noticed a bag of meat
     9 | D        | Noticed a bag of meat
    10 | D        | Noticed a bag of meat
    10 | D        | Noticed a large bag of meat
    10 | D        | Killed a meat berserker
    10 | D        | Reached skill level 23 in Shields
    10 | D        | Reached XP level 14. HP: 14/141 MP: 14/14
    10 | D        | Reached XP level 15. HP: 15/148 MP: 15/15
    10 | D        | Reached skill level 25 in Shields
    10 | D        | Annihilated by a meat berserker

Skill      XL: |  1  2  3  4  5  6  7  8  9 10 11 12 13 14 15 |
---------------+----------------------------------------------+-----
Fighting       | 19 22 23 | 23.4
Axes           | 4 7 8 |  8.0
Staves         | 10 12 | 12.6
Armour         | 19 22 23 | 23.4
Shields        | 20 23 25 | 25.0

Action                   |  1- 3 |  4- 6 |  7- 9 | 10-12 | 13-15 || total
-------------------------+-------+-------+-------+-------+-------++-------
Melee: Executioner's axe |     1 |       |       |       |     1 ||     2
Dodge: Dodged            |       |       |       |       |     1 ||     1
